Lightning vs Rangers (R1)

Created - October 31, 2023 at 19:07

Goals
1 2 3 OT1 T
Lightning 1 0 5 1 7
Rangers 1 1 4 0 6
Shots
1 2 3 OT1 T
Lightning 4 9 18 3 34
Rangers 14 13 10 0 37

1st period

1. Lightning , Jack Roslovic 4 (John Carlson 8, Anthony Cirelli 3) at 4:22
2. Rangers , Magnus Paajarvi 1 (Dmitry Kulikov 3, Henrik Samuelsson 2) at 15:00

Penalties :
John Carlson (T.B) for Hooking (Minor) at 5:05, Tyler Kennedy (T.B) for Goalie Interference (Minor) at 7:36, Brendan Lemieux (T.B) for Holding (Minor) at 18:44

2nd period

3. Rangers , Milan Lucic 4 (Ryan Strome 7, Sean Couturier 6) at 2:40 (PP)

Penalties :
Alex Killorn (T.B) for Roughing (Minor) at 2:19, Brendan Lemieux (T.B) for Hooking (Minor) at 6:41, Dmitry Kulikov (NyR) for High sticking (Minor) at 7:45, Ryan Strome (NyR) for Roughing (Minor) at 16:39

3rd period

4. Lightning , Brendan Lemieux 5 (Matt Duchene 4, Yanni Gourde 9) at 2:46
5. Lightning , Matt Duchene 7 (Brendan Lemieux 2, Jakob Chychrun 4) at 2:58
6. Rangers , Devante Smith-Pelly 5 (Tomas Hertl 7, Ondrej Palat 5) at 3:28
7. Lightning , Jack Roslovic 5 (Brock Boeser 4) at 4:02
8. Lightning , Jack Roslovic 6 (Anthony Cirelli 4) at 6:37 (PP)
9. Rangers , Ryan Strome 3 (Sean Couturier 7) at 8:16
10. Lightning , Alex Killorn 2 (Michael Kostka 4, Shayne Gostisbehere 6) at 15:08
11. Rangers , Milan Lucic 5 (Ryan Strome 8, Sean Couturier 8) at 16:21 (PP)
12. Rangers , Magnus Paajarvi 2 (Henrik Samuelsson 3, Mikhail Sergachev 3) at 16:33

Penalties :
Devante Smith-Pelly (NyR) for Hooking (Minor) at 6:08, Ondrej Palat (NyR) for Tripping (Minor) at 12:02, John Carlson (T.B) for Elbowing (Minor) at 15:53

Overtime #1

13. Lightning , Yanni Gourde 3 (Matt Duchene 5, John Carlson 9) at 0:26

Penalties :
No Penalty

Goalie Stats

Alex Nedeljkovic (T.B), 31 saves from 37 shots - (0.838), W, 7-2-0, 60:26 minutes
Frederik Andersen (NyR), 16 saves from 21 shots - (0.762), 46:37 minutes
Samuel Montembeault (NyR), 11 saves from 13 shots - (0.846), OTL, 3-2-1, 13:49 minutes

Players Stats for Lightning

Player Name              G  A  P  +/- PIM S  H  SB GA TA FO     MP     PP MP  PK MP  
------------------------------------------------------------------------------------
Alex Killorn             1  0  1   1  2   2  1  1  0  0  0/0     8:39   0:10   1:01 
Anthony Cirelli          0  2  2   0  0   1  1  0  0  0  0/0    17:58   2:31   1:53 
Brendan Lemieux          1  1  2   2  4   4  2  0  1  1  0/0    20:47   2:51   2:56 
Brock Boeser             0  1  1   0  0   1  2  2  0  0  0/0    18:54   2:31   2:25 
Jack Roslovic            3  0  3   0  0   5  0  1  0  2  2/12   16:40   2:31   0:30 
Jakob Chychrun           0  1  1   1  0   0  3  1  0  0  0/0    22:02   3:25   0:00 
Jesper Fast              0  0  0   1  0   0  1  0  0  0  0/0     7:10   0:00   0:00 
Jimmy Vesey              0  0  0  -2  0   1  0  1  0  0  1/1    10:17   0:01   0:00 
John Carlson             0  2  2   2  4   4  2  1  2  2  0/0    27:08   3:25   3:29 
Matt Duchene             1  2  3   3  0   4  2  0  1  1  2/5    18:19   2:56   0:00 
Michael Kostka           0  1  1   2  0   2  1  0  0  0  0/0    19:33   0:00   2:40 
Noah Hanifin             0  0  0  -2  0   0  0  0  1  0  0/0    11:31   0:00   1:41 
Patrice Bergeron         0  0  0   1  0   0  0  0  0  0  2/4     7:10   0:00   0:00 
Sam Bennett              0  0  0  -2  0   2  1  0  1  0  1/5    11:50   0:00   1:53 
Shayne Gostisbehere      0  1  1   2  0   2  1  0  0  0  0/0    21:46   2:06   2:40 
Tyler Kennedy            0  0  0  -2  2   2  1  2  0  0  0/0    10:46   0:28   0:00 
Victor Hedman            0  0  0  -2  0   0  2  1  0  1  0/0    18:25   2:06   5:10 
Yanni Gourde             1  1  2   3  0   4  1  2  1  0  20/41  23:32   2:34   5:02 

Players Stats for Rangers

Player Name              G  A  P  +/- PIM S  H  SB GA TA FO     MP     PP MP  PK MP  
------------------------------------------------------------------------------------
Chris Mcallister         0  0  0  -1  0   0  1  3  0  0  2/3     9:14   0:00   3:55 
Derrick Pouliot          0  0  0  -1  0   0  0  0  0  0  0/0    11:49   0:00   0:57 
Devante Smith-Pelly      1  0  1  -1  2   3  2  0  1  0  1/1    15:18   2:49   0:00 
Dmitry Kulikov           0  1  1   0  2   1  1  2  0  0  0/0    26:06   4:13   3:18 
Henrik Samuelsson        0  2  2   2  0   0  1  1  0  1  4/4    11:01   0:00   0:44 
Jake McCabe              0  0  0  -1  0   0  1  1  1  0  0/0    21:47   3:36   1:32 
Magnus Paajarvi          2  0  2   2  0   4  2  0  0  0  0/0    10:49   0:00   0:33 
Mikhail Sergachev        0  1  1   1  0   3  2  0  0  1  0/0    24:06   4:14   1:16 
Milan Lucic              2  0  2  -2  0   8  3  0  2  1  1/1    23:30   5:01   0:00 
Ondrej Palat             0  1  1  -1  2   4  2  0  0  0  1/1    15:57   2:49   0:04 
Patrik Nemeth            0  0  0  -1  0   3  0  1  0  1  0/0    15:44   0:00   3:25 
Richard Panik            0  0  0   2  0   1  0  0  0  0  0/0    11:26   0:00   0:59 
Ryan Strome              1  2  3  -1  2   4  2  2  1  0  1/3    22:49   5:01   0:20 
Sean Couturier           0  3  3  -2  0   0  2  1  0  2  20/41  27:09   5:01   3:24 
Seth Griffith            0  0  0  -1  0   1  0  0  0  0  2/2     6:13   0:00   0:59 
Stefan Noesen            0  0  0  -1  0   0  0  0  0  0  0/0     5:03   0:00   0:00 
Tomas Hertl              0  1  1  -1  0   3  1  0  1  0  8/12   15:43   2:49   0:04 
Vince Dunn               0  0  0  -1  0   2  1  1  1  1  0/0    21:04   3:36   0:34 

3 Stars

1 - Jack Roslovic (T.B)
2 - Matt Duchene (T.B)
3 - Magnus Paajarvi (NyR)

Power Play

Lightning - 1 on 4 Attempt(s) - 25.00%
Rangers - 2 on 6 Attempt(s) - 33.33%

Penalty Kill

Lightning - 4 on 6 Attempt(s) - 66.67% - Score 0 goal in Penalty Kill
Rangers - 3 on 4 Attempt(s) - 75.00% - Score 0 goal in Penalty Kill

Team Stat

Lightning - Hits : 21 - Faceoff Wins : 28 - Blocked Shots : 12 - Penalty Minutes : 12
Rangers - Hits : 21 - Faceoff Wins : 40 - Blocked Shots : 12 - Penalty Minutes : 8

Official

Referees : Brad Meier and Jacob Brenk
Linesman : Steve Miller and Julien Fournier

Game Notes

11:25 of 2nd period - Lightning goal is going for a video replay. After video review, No Goal. The goalkeeper has been pushed into the net together with the puck after making a save.
Jack Roslovic has scored a Hat Trick!
Samuel Montembeault enters game at 6:37 of 3rd period

Finance

Level 1 -- Attendance: 5801 (96.68%) -- Ticket Income $580,100
Level 2 -- Attendance: 5000 (100.00%) -- Ticket Income $300,000
Level 3 -- Attendance: 2000 (100.00%) -- Ticket Income $70,000
Level 4 -- Attendance: 3579 (89.48%) -- Ticket Income $89,475
Luxury Box -- Attendance: 911 (91.10%) -- Ticket Income $182,200
Game was played at the Madison Square Garden.
Total Attendance: 17291 (96.06%)
Total Ticket Income: $1,221,775
Other Income: $183,266
Total Income: $1,405,041

Lightning

5 vs 5 Forward 
   Center                   Left Wing                Right Wing               Time % Phy DF OF 
 1 Yanni Gourde             Brendan Lemieux          Matt Duchene             40     1   2  2  
 2 Jack Roslovic            Anthony Cirelli          Brock Boeser             30     1   2  2  
 3 Sam Bennett              Jimmy Vesey              Tyler Kennedy            25     1   2  2  
 4 Patrice Bergeron         Alex Killorn             Jesper Fast              5      1   2  2  

5 vs 5 Defense 
   Defense                  Defense                                           Time % Phy DF OF 
 1 John Carlson             Jakob Chychrun                                    40     1   2  2  
 2 Shayne Gostisbehere      Michael Kostka                                    30     1   2  2  
 3 Noah Hanifin             Victor Hedman                                     20     1   2  2  
 4 John Carlson             Victor Hedman                                     10     1   2  2  

PowerPlay Forward 
   Center                   Left Wing                Right Wing               Time % Phy DF OF 
 1 Yanni Gourde             Brendan Lemieux          Matt Duchene             60     1   2  2  
 2 Jack Roslovic            Anthony Cirelli          Brock Boeser             40     1   2  2  

PowerPlay Defense
   Defense                  Defense                                           Time % Phy DF OF 
 1 John Carlson             Jakob Chychrun                                    60     1   2  2  
 2 Shayne Gostisbehere      Victor Hedman                                     40     1   2  2  

Penalty Kill 4 Players Forward 
   Center                   Wing                     Time % Phy DF OF 
 1 Yanni Gourde             Brendan Lemieux          60     1   2  2  
 2 Sam Bennett              Anthony Cirelli          40     1   2  2  

Penalty Kill 4 Players Defense
   Defense                  Defense                  Time % Phy DF OF 
 1 John Carlson             Victor Hedman            60     1   2  2  
 2 Shayne Gostisbehere      Michael Kostka           40     1   2  2  

Penalty Kill - 3 Players Forward 
   Forward                                           Time % Phy DF OF 
 1 Yanni Gourde                                      60     1   2  2  
 2 Sam Bennett                                       40     1   2  2  

Penalty Kill - 3 Players Defense
   Defense                  Defense                  Time % Phy DF OF 
 1 John Carlson             Victor Hedman            60     1   2  2  
 2 Shayne Gostisbehere      Michael Kostka           40     1   2  2  

4 vs 4 Forward 
   Center                   Wing                     Time % Phy DF OF 
 1 Yanni Gourde             Brendan Lemieux          60     1   2  2  
 2 Jack Roslovic            Brock Boeser             40     1   2  2  

4 vs 4 Defense
   Defense                  Defense                  Time % Phy DF OF 
 1 John Carlson             Michael Kostka           60     1   2  2  
 2 Shayne Gostisbehere      Victor Hedman            40     1   2  2  

Last Minutes Offensive
   Center                   Left Wing                Right Wing               Defense                  Defense                  
   Yanni Gourde             Brendan Lemieux          Matt Duchene             John Carlson             Jakob Chychrun           

Last Minutes Defensive
   Center                   Left Wing                Right Wing               Defense                  Defense                  
   Yanni Gourde             Brendan Lemieux          Matt Duchene             John Carlson             Michael Kostka           

Goaltenders
Starting : Alex Nedeljkovic         
Backup : Marc-André Fleury        

Extra Forwards
Normal : Brock Boeser, Tyler Kennedy, Jimmy Vesey - PP : Brock Boeser, Tyler Kennedy - PK : Brock Boeser
Extra Defensemen
Normal : Victor Hedman, Noah Hanifin, Jakob Chychrun - PP : Victor Hedman - PK : Victor Hedman, Noah Hanifin
Penalty Shots
Matt Duchene, Yanni Gourde, Brendan Lemieux, Anthony Cirelli, Brock Boeser
Custom OT Lines Forwards
Matt Duchene, Yanni Gourde, Brendan Lemieux, Patrice Bergeron, Brock Boeser, Tyler Kennedy, Jimmy Vesey, Jack Roslovic, Sam Bennett, Jesper Fast
Custom OT Lines Defensemen
John Carlson, Michael Kostka, Shayne Gostisbehere, Victor Hedman, Noah Hanifin

Scratches
None

Rangers

5 vs 5 Forward 
   Center                   Left Wing                Right Wing               Time % Phy DF OF 
 1 Sean Couturier           Milan Lucic              Ryan Strome              40     1   2  2  
 2 Tomas Hertl              Ondrej Palat             Devante Smith-Pelly      30     1   2  2  
 3 Henrik Samuelsson        Magnus Paajarvi          Richard Panik            20     1   2  2  
 4 Seth Griffith            Chris Mcallister         Stefan Noesen            10     1   2  2  

5 vs 5 Defense 
   Defense                  Defense                                           Time % Phy DF OF 
 1 Dmitry Kulikov           Mikhail Sergachev                                 40     1   2  2  
 2 Jake McCabe              Vince Dunn                                        30     1   2  2  
 3 Derrick Pouliot          Patrik Nemeth                                     20     1   2  2  
 4 Jake McCabe              Vince Dunn                                        10     1   2  2  

PowerPlay Forward 
   Center                   Left Wing                Right Wing               Time % Phy DF OF 
 1 Sean Couturier           Milan Lucic              Ryan Strome              60     1   2  2  
 2 Tomas Hertl              Ondrej Palat             Devante Smith-Pelly      40     1   2  2  

PowerPlay Defense
   Defense                  Defense                                           Time % Phy DF OF 
 1 Dmitry Kulikov           Mikhail Sergachev                                 60     1   2  2  
 2 Jake McCabe              Vince Dunn                                        40     1   2  2  

Penalty Kill 4 Players Forward 
   Center                   Wing                     Time % Phy DF OF 
 1 Sean Couturier           Chris Mcallister         60     1   2  2  
 2 Seth Griffith            Richard Panik            40     1   2  2  

Penalty Kill 4 Players Defense
   Defense                  Defense                  Time % Phy DF OF 
 1 Dmitry Kulikov           Patrik Nemeth            60     1   2  2  
 2 Jake McCabe              Mikhail Sergachev        40     1   2  2  

Penalty Kill - 3 Players Forward 
   Forward                                           Time % Phy DF OF 
 1 Sean Couturier                                    60     1   2  2  
 2 Seth Griffith                                     40     1   2  2  

Penalty Kill - 3 Players Defense
   Defense                  Defense                  Time % Phy DF OF 
 1 Dmitry Kulikov           Patrik Nemeth            60     1   2  2  
 2 Jake McCabe              Mikhail Sergachev        40     1   2  2  

4 vs 4 Forward 
   Center                   Wing                     Time % Phy DF OF 
 1 Sean Couturier           Milan Lucic              60     1   2  2  
 2 Tomas Hertl              Ondrej Palat             40     1   2  2  

4 vs 4 Defense
   Defense                  Defense                  Time % Phy DF OF 
 1 Dmitry Kulikov           Mikhail Sergachev        60     1   2  2  
 2 Jake McCabe              Vince Dunn               40     1   2  2  

Last Minutes Offensive
   Center                   Left Wing                Right Wing               Defense                  Defense                  
   Sean Couturier           Milan Lucic              Ryan Strome              Dmitry Kulikov           Mikhail Sergachev        

Last Minutes Defensive
   Center                   Left Wing                Right Wing               Defense                  Defense                  
   Sean Couturier           Milan Lucic              Chris Mcallister         Jake McCabe              Dmitry Kulikov           

Goaltenders
Starting : Frederik Andersen        
Backup : Samuel Montembeault      

Extra Forwards
Normal : Ryan Strome, Richard Panik, Ondrej Palat - PP : Ryan Strome, Richard Panik - PK : Ryan Strome
Extra Defensemen
Normal : Patrik Nemeth, Vince Dunn, Mikhail Sergachev - PP : Patrik Nemeth - PK : Patrik Nemeth, Vince Dunn
Penalty Shots
Milan Lucic, Sean Couturier, Tomas Hertl, Devante Smith-Pelly, Ryan Strome
Custom OT Lines Forwards
Milan Lucic, Sean Couturier, Tomas Hertl, Devante Smith-Pelly, Ryan Strome, Richard Panik, Ondrej Palat, Chris Mcallister, Seth Griffith, Stefan Noesen
Custom OT Lines Defensemen
Dmitry Kulikov, Mikhail Sergachev, Jake McCabe, Vince Dunn, Patrik Nemeth

Scratches
Cale Makar (Healthy), Maxime Sauvé (Healthy), T.J Galiardi (Healthy)

% Time on Ice - Lightning

Lines # - Real PCT - Wanted PCT - Time Play
Normal Forward
1 - 33% - 40% - 15:03
2 - 30% - 30% - 13:34
3 - 22% - 25% - 9:57
4 - 16% - 5% - 7:10
Normal Defense
1 - 41% - 40% - 18:51
2 - 36% - 30% - 16:37
3 - 19% - 20% - 8:51
4 - 3% - 10% - 1:25
PP Forward
1 - 54% - 60% - 3:00
2 - 46% - 40% - 2:31
PP Defense
1 - 62% - 60% - 3:25
2 - 38% - 40% - 2:06
PK Forward
1 - 76% - 60% - 5:57
2 - 24% - 40% - 1:53
PK Defense
1 - 66% - 60% - 5:10
2 - 34% - 40% - 2:40
PK3 Forward
1 - 0% - 60%
2 - 0% - 40%
PK3 Defense
1 - 0% - 60%
2 - 0% - 40%
44 Forward
1 - 100% - 60% - 0:55
2 - 0% - 40% - 0:00
44 Defense
1 - 58% - 60% - 0:32
2 - 42% - 40% - 0:23
Last Minute Offensive  - 0:00
Last Minute Defensive  - 0:00
Total
Forward - 60:00
Defense - 60:00

% Time on Ice - Rangers

Lines # - Real PCT - Wanted PCT - Time Play
Normal Forward
1 - 39% - 40% - 17:44
2 - 28% - 30% - 12:41
3 - 22% - 20% - 10:16
4 - 11% - 10% - 5:03
Normal Defense
1 - 41% - 40% - 18:35
2 - 30% - 30% - 13:50
3 - 23% - 20% - 10:41
4 - 6% - 10% - 2:38
PP Forward
1 - 64% - 60% - 5:01
2 - 36% - 40% - 2:49
PP Defense
1 - 54% - 60% - 4:14
2 - 46% - 40% - 3:36
PK Forward
1 - 81% - 60% - 4:28
2 - 19% - 40% - 1:03
PK Defense
1 - 79% - 60% - 4:22
2 - 21% - 40% - 1:09
PK3 Forward
1 - 0% - 60%
2 - 0% - 40%
PK3 Defense
1 - 0% - 60%
2 - 0% - 40%
44 Forward
1 - 64% - 60% - 0:35
2 - 36% - 40% - 0:20
44 Defense
1 - 100% - 60% - 0:55
2 - 0% - 40% - 0:00
Last Minute Offensive  - 0:00
Last Minute Defensive  - 0:00
Total
Forward - 60:00
Defense - 60:00

Play-by-Play

1st period


0:01 of 1st period - Sean Couturier wins face-off versus Yanni Gourde in neutral zone.
0:06 of 1st period - Snap shot by Sean Couturier.
0:06 of 1st period - Shot Misses the Net.
1:46 of 1st period - Wrist shot by Milan Lucic.
1:46 of 1st period - Stopped by Alex Nedeljkovic with a rebound.
1:48 of 1st period - Slapshot by Vince Dunn.
1:48 of 1st period - Stopped by Alex Nedeljkovic without a rebound.
1:49 of 1st period - Tomas Hertl wins face-off versus Jack Roslovic in Lightning zone.
2:02 of 1st period - Wrist shot by Ondrej Palat.
2:02 of 1st period - Stopped by Alex Nedeljkovic with a rebound.
2:28 of 1st period - Snap shot by Tomas Hertl.
2:28 of 1st period - Deflect By Ondrej Palat.
2:28 of 1st period - Stopped by Alex Nedeljkovic with a rebound.
4:04 of 1st period - Henrik Samuelsson is hit by Jakob Chychrun and loses puck.
4:18 of 1st period - Slapshot by Anthony Cirelli.
4:18 of 1st period - Stopped by Frederik Andersen with a rebound.
4:20 of 1st period - Slapshot by John Carlson.
4:20 of 1st period - Shot Blocked by Chris Mcallister.
4:22 of 1st period - Slapshot by John Carlson.
4:22 of 1st period - Deflect By Jack Roslovic.
4:22 of 1st period - Goal by Jack Roslovic - Lightning : 1 - Rangers : 0.
4:23 of 1st period - Sean Couturier wins face-off versus Yanni Gourde in neutral zone.
4:30 of 1st period - Snap shot by Yanni Gourde.
4:30 of 1st period - Shot Misses the Net.
5:05 of 1st period - Minor Penalty to John Carlson for Hooking.
5:06 of 1st period - Sean Couturier wins face-off versus Yanni Gourde in Lightning zone.
5:39 of 1st period - Off-side.
5:40 of 1st period - Sam Bennett wins face-off versus Sean Couturier in neutral zone.
5:59 of 1st period - Icing by Sean Couturier.
6:00 of 1st period - Sean Couturier wins face-off versus Yanni Gourde in Rangers zone.
6:53 of 1st period - Snap shot by Sam Bennett.
6:53 of 1st period - Shot Blocked by Vince Dunn.
7:05 of 1st period - Penalty to John Carlson is over, John Carlson is back on ice.
7:05 of 1st period - Snap shot by Milan Lucic.
7:05 of 1st period - Stopped by Alex Nedeljkovic without a rebound.
7:06 of 1st period - Tomas Hertl wins face-off versus Jack Roslovic in Lightning zone.
7:11 of 1st period - Snap shot by Tomas Hertl.
7:11 of 1st period - Shot Misses the Net.
7:36 of 1st period - Minor Penalty to Tyler Kennedy for Goalie Interference.
7:37 of 1st period - Tomas Hertl wins face-off versus Yanni Gourde in Lightning zone.
9:36 of 1st period - Penalty to Tyler Kennedy is over, Tyler Kennedy is back on ice.
9:52 of 1st period - Snap shot by Alex Killorn.
9:52 of 1st period - Shot Blocked by Henrik Samuelsson.
10:26 of 1st period - Slapshot by Jack Roslovic.
10:26 of 1st period - Shot Misses the Net.
10:39 of 1st period - Off-side.
10:40 of 1st period - Yanni Gourde wins face-off versus Sean Couturier in neutral zone.
10:49 of 1st period - Ryan Strome is hit by Brendan Lemieux and loses puck.
11:30 of 1st period - Magnus Paajarvi is hit by Victor Hedman.
12:08 of 1st period - Jake McCabe is hit by Jesper Fast and loses puck.
12:27 of 1st period - Tomas Hertl is hit by Sam Bennett and loses puck.
13:31 of 1st period - Victor Hedman is hit by Devante Smith-Pelly and loses puck.
13:38 of 1st period - Tomas Hertl is hit by Tyler Kennedy and loses puck.
14:19 of 1st period - Slapshot by Shayne Gostisbehere.
14:19 of 1st period - Stopped by Frederik Andersen with a rebound.
14:49 of 1st period - Victor Hedman is hit by Magnus Paajarvi and loses puck.
14:56 of 1st period - Wrist shot by Magnus Paajarvi.
14:56 of 1st period - Stopped by Alex Nedeljkovic with a rebound.
14:58 of 1st period - Slapshot by Dmitry Kulikov.
14:58 of 1st period - Shot Blocked by Tyler Kennedy.
15:00 of 1st period - Snap shot by Magnus Paajarvi.
15:00 of 1st period - Goal by Magnus Paajarvi - Lightning : 1 - Rangers : 1.
15:01 of 1st period - Yanni Gourde wins face-off versus Sean Couturier in neutral zone.
15:04 of 1st period - Dmitry Kulikov is hit by Yanni Gourde and loses puck.
15:13 of 1st period - Snap shot by Milan Lucic.
15:13 of 1st period - Shot Misses the Net.
15:15 of 1st period - Slapshot by Mikhail Sergachev.
15:15 of 1st period - Stopped by Alex Nedeljkovic without a rebound.
15:16 of 1st period - Tomas Hertl wins face-off versus Jack Roslovic in Lightning zone.
15:31 of 1st period - Slapshot by Ondrej Palat.
15:31 of 1st period - Stopped by Alex Nedeljkovic with a rebound.
15:33 of 1st period - Slapshot by Vince Dunn.
15:33 of 1st period - Deflect By Ondrej Palat.
15:33 of 1st period - Shot Misses the Net.
15:33 of 1st period - Puck is out of play.
15:34 of 1st period - Yanni Gourde wins face-off versus Sean Couturier in Lightning zone.
16:30 of 1st period - Snap shot by Richard Panik.
16:30 of 1st period - Stopped by Alex Nedeljkovic without a rebound.
16:31 of 1st period - Yanni Gourde wins face-off versus Sean Couturier in Lightning zone.
16:44 of 1st period - Snap shot by Yanni Gourde.
16:44 of 1st period - Stopped by Frederik Andersen with a rebound.
16:46 of 1st period - Slapshot by Jakob Chychrun.
16:46 of 1st period - Shot Blocked by Ryan Strome.
16:56 of 1st period - Tomas Hertl is hit by Anthony Cirelli and loses puck.
18:03 of 1st period - Wrist shot by Tomas Hertl.
18:03 of 1st period - Shot Misses the Net.
18:05 of 1st period - Wrist shot by Tomas Hertl.
18:05 of 1st period - Stopped by Alex Nedeljkovic with a rebound.
18:07 of 1st period - Slapshot by Derrick Pouliot.
18:07 of 1st period - Shot Blocked by Alex Killorn.
18:09 of 1st period - Slapshot by Patrik Nemeth.
18:09 of 1st period - Stopped by Alex Nedeljkovic without a rebound.
18:10 of 1st period - Yanni Gourde wins face-off versus Sean Couturier in Lightning zone.
18:17 of 1st period - Slapshot by Vince Dunn.
18:17 of 1st period - Stopped by Alex Nedeljkovic without a rebound.
18:18 of 1st period - Yanni Gourde wins face-off versus Sean Couturier in Lightning zone.
18:27 of 1st period - Snap shot by Milan Lucic.
18:27 of 1st period - Stopped by Alex Nedeljkovic without a rebound.
18:28 of 1st period - Sean Couturier wins face-off versus Yanni Gourde in Lightning zone.
18:44 of 1st period - Minor Penalty to Brendan Lemieux for Holding.
18:45 of 1st period - Yanni Gourde wins face-off versus Sean Couturier in Lightning zone.
Goals for this period are 1 for Lightning vs 1 for Rangers.
Shots for this period are 4 for Lightning vs 14 for Rangers.

2nd period


0:01 of 2nd period - Yanni Gourde wins face-off versus Sean Couturier in neutral zone.
0:13 of 2nd period - John Carlson is hit by Mikhail Sergachev and loses puck.
0:32 of 2nd period - Wrist shot by Devante Smith-Pelly.
0:32 of 2nd period - Shot Misses the Net.
0:34 of 2nd period - Slapshot by Jake McCabe.
0:34 of 2nd period - Shot Blocked by Brock Boeser.
0:36 of 2nd period - Snap shot by Devante Smith-Pelly.
0:36 of 2nd period - Shot Blocked by Yanni Gourde.
0:44 of 2nd period - Penalty to Brendan Lemieux is over, Brendan Lemieux is back on ice.
1:08 of 2nd period - Snap shot by Patrice Bergeron.
1:08 of 2nd period - Shot Misses the Net.
1:10 of 2nd period - Slapshot by Patrice Bergeron.
1:10 of 2nd period - Deflect By Alex Killorn.
1:10 of 2nd period - Stopped by Frederik Andersen with a rebound.
1:20 of 2nd period - Sam Bennett is hit by Chris Mcallister and loses puck.
1:50 of 2nd period - Ondrej Palat is hit by Jakob Chychrun and loses puck.
2:06 of 2nd period - Off-side.
2:07 of 2nd period - Sean Couturier wins face-off versus Patrice Bergeron in neutral zone.
2:19 of 2nd period - Minor Penalty to Alex Killorn for Roughing.
2:20 of 2nd period - Sean Couturier wins face-off versus Yanni Gourde in Lightning zone.
2:22 of 2nd period - Wrist shot by Ryan Strome.
2:22 of 2nd period - Stopped by Alex Nedeljkovic without a rebound.
2:23 of 2nd period - Sean Couturier wins face-off versus Yanni Gourde in Lightning zone.
2:40 of 2nd period - Wrist shot by Milan Lucic.
2:40 of 2nd period - Goal by Milan Lucic - Lightning : 1 - Rangers : 2.
2:41 of 2nd period - Milan Lucic wins face-off versus Yanni Gourde in neutral zone.
3:12 of 2nd period - Snap shot by Tomas Hertl.
3:12 of 2nd period - Stopped by Alex Nedeljkovic with a rebound.
3:14 of 2nd period - Slapshot by Ondrej Palat.
3:14 of 2nd period - Stopped by Alex Nedeljkovic with a rebound.
3:29 of 2nd period - John Carlson is hit by Jake McCabe and loses puck.
3:38 of 2nd period - Wrist shot by Tyler Kennedy.
3:38 of 2nd period - Shot Blocked by Jake McCabe.
3:40 of 2nd period - Snap shot by Tyler Kennedy.
3:40 of 2nd period - Stopped by Frederik Andersen with a rebound.
3:42 of 2nd period - Slapshot by John Carlson.
3:42 of 2nd period - Stopped by Frederik Andersen with a rebound.
4:13 of 2nd period - Slapshot by Milan Lucic.
4:13 of 2nd period - Shot Misses the Net.
4:37 of 2nd period - Slapshot by Jack Roslovic.
4:37 of 2nd period - Stopped by Frederik Andersen without a rebound.
4:38 of 2nd period - Sean Couturier wins face-off versus Yanni Gourde in Rangers zone.
4:43 of 2nd period - Wrist shot by Ryan Strome.
4:43 of 2nd period - Stopped by Alex Nedeljkovic with a rebound.
5:03 of 2nd period - Michael Kostka is hit by Ondrej Palat and loses puck.
5:10 of 2nd period - Snap shot by Tomas Hertl.
5:10 of 2nd period - Shot Misses the Net.
5:12 of 2nd period - Snap shot by Ondrej Palat.
5:12 of 2nd period - Shot Hit the Post.
5:14 of 2nd period - Slapshot by Derrick Pouliot.
5:14 of 2nd period - Shot Misses the Net.
6:34 of 2nd period - Snap shot by Seth Griffith.
6:34 of 2nd period - Stopped by Alex Nedeljkovic with a rebound.
6:36 of 2nd period - Snap shot by Mikhail Sergachev.
6:36 of 2nd period - Deflect By Jack Roslovic.
6:36 of 2nd period - Stopped by Alex Nedeljkovic without a rebound.
6:37 of 2nd period - Seth Griffith wins face-off versus Yanni Gourde in Lightning zone.
6:41 of 2nd period - Minor Penalty to Brendan Lemieux for Hooking.
6:42 of 2nd period - Yanni Gourde wins face-off versus Ryan Strome in Lightning zone.
6:56 of 2nd period - Backhand shot by Ryan Strome.
6:56 of 2nd period - Shot Blocked by Victor Hedman.
7:45 of 2nd period - Minor Penalty to Dmitry Kulikov for High sticking.
7:46 of 2nd period - Sean Couturier wins face-off versus Yanni Gourde in Rangers zone.
8:41 of 2nd period - Penalty to Brendan Lemieux is over, Brendan Lemieux is back on ice.
8:56 of 2nd period - Sean Couturier is hit by Brock Boeser and loses puck.
9:45 of 2nd period - Penalty to Dmitry Kulikov is over, Dmitry Kulikov is back on ice.
9:55 of 2nd period - Snap shot by Richard Panik.
9:55 of 2nd period - Deflect By John Carlson.
9:55 of 2nd period - Shot Misses the Net.
9:55 of 2nd period - Puck is out of play.
9:56 of 2nd period - Patrice Bergeron wins face-off versus Tomas Hertl in Lightning zone.
10:09 of 2nd period - Wrist shot by Tomas Hertl.
10:09 of 2nd period - Stopped by Alex Nedeljkovic with a rebound.
10:27 of 2nd period - Off-side.
10:28 of 2nd period - Sean Couturier wins face-off versus Matt Duchene in neutral zone.
10:41 of 2nd period - Shayne Gostisbehere is hit by Milan Lucic and loses puck.
11:18 of 2nd period - Dmitry Kulikov is hit by Shayne Gostisbehere and loses puck.
11:23 of 2nd period - Slapshot by Sam Bennett.
11:23 of 2nd period - Stopped by Frederik Andersen with a rebound.
11:25 of 2nd period - Snap shot by Sam Bennett.
11:25 of 2nd period - Lightning goal is going for a video replay.
11:25 of 2nd period - The goal is refused. The goalkeeper has been pushed into the net together with the puck after making a save..
11:26 of 2nd period - Sean Couturier wins face-off versus Yanni Gourde in Rangers zone.
11:36 of 2nd period - Icing by Sean Couturier.
11:37 of 2nd period - Yanni Gourde wins face-off versus Ryan Strome in Rangers zone.
12:00 of 2nd period - Wrist shot by Milan Lucic.
12:00 of 2nd period - Stopped by Alex Nedeljkovic without a rebound.
12:01 of 2nd period - Jimmy Vesey wins face-off versus Tomas Hertl in Lightning zone.
12:27 of 2nd period - Noah Hanifin is hit by Vince Dunn and loses puck.
13:16 of 2nd period - Wrist shot by Sam Bennett.
13:16 of 2nd period - Shot Misses the Net.
13:41 of 2nd period - Matt Duchene is hit by Ondrej Palat and loses puck.
13:52 of 2nd period - John Carlson is hit by Sean Couturier.
13:56 of 2nd period - Wrist shot by Brendan Lemieux.
13:56 of 2nd period - Shot Misses the Net.
14:02 of 2nd period - Wrist shot by Matt Duchene.
14:02 of 2nd period - Shot Misses the Net.
14:04 of 2nd period - Wrist shot by Michael Kostka.
14:04 of 2nd period - Stopped by Frederik Andersen without a rebound.
14:05 of 2nd period - Tomas Hertl wins face-off versus Jack Roslovic in Rangers zone.
14:07 of 2nd period - Icing by Jake McCabe.
14:08 of 2nd period - Devante Smith-Pelly wins face-off versus Jack Roslovic in Rangers zone.
14:08 of 2nd period - Devante Smith-Pelly is hit by Michael Kostka.
14:16 of 2nd period - Wrist shot by Vince Dunn.
14:16 of 2nd period - Shot Misses the Net.
14:34 of 2nd period - Jimmy Vesey is hit by Milan Lucic and loses puck.
15:07 of 2nd period - Snap shot by Brendan Lemieux.
15:07 of 2nd period - Shot Blocked by Dmitry Kulikov.
15:23 of 2nd period - Slapshot by Devante Smith-Pelly.
15:23 of 2nd period - Stopped by Alex Nedeljkovic with a rebound.
15:25 of 2nd period - Slapshot by Patrik Nemeth.
15:25 of 2nd period - Stopped by Alex Nedeljkovic without a rebound.
15:26 of 2nd period - Tomas Hertl wins face-off versus Jack Roslovic in Lightning zone.
15:41 of 2nd period - Snap shot by Devante Smith-Pelly.
15:41 of 2nd period - Shot Misses the Net.
15:43 of 2nd period - Snap shot by Devante Smith-Pelly.
15:43 of 2nd period - Shot Misses the Net.
15:45 of 2nd period - Snap shot by Patrik Nemeth.
15:45 of 2nd period - Deflect By John Carlson.
15:45 of 2nd period - Stopped by Alex Nedeljkovic with a rebound.
15:47 of 2nd period - Snap shot by Ondrej Palat.
15:47 of 2nd period - Shot Blocked by Jack Roslovic.
15:49 of 2nd period - Slapshot by Devante Smith-Pelly.
15:49 of 2nd period - Stopped by Alex Nedeljkovic without a rebound.
15:50 of 2nd period - Yanni Gourde wins face-off versus Sean Couturier in Lightning zone.
15:55 of 2nd period - Wrist shot by Matt Duchene.
15:55 of 2nd period - Deflect By Brendan Lemieux.
15:55 of 2nd period - Stopped by Frederik Andersen without a rebound.
15:56 of 2nd period - Yanni Gourde wins face-off versus Sean Couturier in Rangers zone.
15:59 of 2nd period - Snap shot by Yanni Gourde.
15:59 of 2nd period - Deflect By Matt Duchene.
15:59 of 2nd period - Shot Misses the Net.
15:59 of 2nd period - Puck is out of play.
16:00 of 2nd period - Yanni Gourde wins face-off versus Sean Couturier in Rangers zone.
16:39 of 2nd period - Minor Penalty to Ryan Strome for Roughing.
16:40 of 2nd period - Jack Roslovic wins face-off versus Sean Couturier in Rangers zone.
16:57 of 2nd period - Slapshot by John Carlson.
16:57 of 2nd period - Stopped by Frederik Andersen with a rebound.
18:39 of 2nd period - Penalty to Ryan Strome is over, Ryan Strome is back on ice.
19:06 of 2nd period - Michael Kostka is hit by Ryan Strome and loses puck.
19:52 of 2nd period - Vince Dunn is hit by Matt Duchene and loses puck.
Goals for this period are 0 for Lightning vs 1 for Rangers.
Shots for this period are 9 for Lightning vs 13 for Rangers.

3rd period


0:01 of 3rd period - Yanni Gourde wins face-off versus Sean Couturier in neutral zone.
0:33 of 3rd period - Slapshot by Mikhail Sergachev.
0:33 of 3rd period - Shot Misses the Net.
0:35 of 3rd period - Slapshot by Dmitry Kulikov.
0:35 of 3rd period - Stopped by Alex Nedeljkovic with a rebound.
0:37 of 3rd period - Slapshot by Dmitry Kulikov.
0:37 of 3rd period - Shot Misses the Net.
0:39 of 3rd period - Snap shot by Devante Smith-Pelly.
0:39 of 3rd period - Shot Blocked by Brock Boeser.
0:41 of 3rd period - Slapshot by Ondrej Palat.
0:41 of 3rd period - Shot Blocked by Jakob Chychrun.
1:35 of 3rd period - Matt Duchene is hit by Milan Lucic and loses puck.
2:02 of 3rd period - Jack Roslovic is hit by Devante Smith-Pelly and loses puck.
2:19 of 3rd period - Tyler Kennedy is hit by Henrik Samuelsson and loses puck.
2:46 of 3rd period - Snap shot by Matt Duchene.
2:46 of 3rd period - Deflect By Brendan Lemieux.
2:46 of 3rd period - Goal by Brendan Lemieux - Lightning : 2 - Rangers : 2.
2:47 of 3rd period - Yanni Gourde wins face-off versus Sean Couturier in neutral zone.
2:50 of 3rd period - Slapshot by Jakob Chychrun.
2:50 of 3rd period - Shot Blocked by Dmitry Kulikov.
2:52 of 3rd period - Wrist shot by Yanni Gourde.
2:52 of 3rd period - Shot Blocked by Ryan Strome.
2:56 of 3rd period - Snap shot by Brendan Lemieux.
2:56 of 3rd period - Stopped by Frederik Andersen with a rebound.
2:58 of 3rd period - Snap shot by Matt Duchene.
2:58 of 3rd period - Goal by Matt Duchene - Lightning : 3 - Rangers : 2.
2:59 of 3rd period - Ryan Strome wins face-off versus Yanni Gourde in neutral zone.
3:14 of 3rd period - Snap shot by Milan Lucic.
3:14 of 3rd period - Stopped by Alex Nedeljkovic with a rebound.
3:16 of 3rd period - Snap shot by Mikhail Sergachev.
3:16 of 3rd period - Stopped by Alex Nedeljkovic without a rebound.
3:17 of 3rd period - Ondrej Palat wins face-off versus Jack Roslovic in Lightning zone.
3:26 of 3rd period - Wrist shot by Tomas Hertl.
3:26 of 3rd period - Shot Hit the Post.
3:28 of 3rd period - Snap shot by Devante Smith-Pelly.
3:28 of 3rd period - Goal by Devante Smith-Pelly - Lightning : 3 - Rangers : 3.
3:29 of 3rd period - Sean Couturier wins face-off versus Matt Duchene in neutral zone.
4:00 of 3rd period - Slapshot by Jack Roslovic.
4:00 of 3rd period - Deflect By Brock Boeser.
4:00 of 3rd period - Stopped by Frederik Andersen with a rebound.
4:02 of 3rd period - Snap shot by Jack Roslovic.
4:02 of 3rd period - Goal by Jack Roslovic - Lightning : 4 - Rangers : 3.
4:03 of 3rd period - Sean Couturier wins face-off versus Yanni Gourde in neutral zone.
4:32 of 3rd period - Icing by Devante Smith-Pelly.
4:33 of 3rd period - Jack Roslovic wins face-off versus Tomas Hertl in Rangers zone.
5:26 of 3rd period - Snap shot by Tyler Kennedy.
5:26 of 3rd period - Stopped by Frederik Andersen with a rebound.
6:05 of 3rd period - Off-side.
6:06 of 3rd period - Tomas Hertl wins face-off versus Jack Roslovic in neutral zone.
6:08 of 3rd period - Minor Penalty to Devante Smith-Pelly for Hooking.
6:09 of 3rd period - Yanni Gourde wins face-off versus Chris Mcallister in Rangers zone.
6:15 of 3rd period - Slapshot by Yanni Gourde.
6:15 of 3rd period - Stopped by Frederik Andersen with a rebound.
6:17 of 3rd period - Snap shot by Brendan Lemieux.
6:17 of 3rd period - Shot Misses the Net.
6:19 of 3rd period - Wrist shot by Brendan Lemieux.
6:19 of 3rd period - Shot Blocked by Sean Couturier.
6:37 of 3rd period - Backhand shot by Jack Roslovic.
6:37 of 3rd period - Goal by Jack Roslovic - Lightning : 5 - Rangers : 3.
6:37 of 3rd period - Samuel Montembeault enters game.
6:38 of 3rd period - Yanni Gourde wins face-off versus Sean Couturier in neutral zone.
7:05 of 3rd period - Devante Smith-Pelly is hit by John Carlson and loses puck.
7:30 of 3rd period - Michael Kostka is hit by Magnus Paajarvi and loses puck.
7:39 of 3rd period - Wrist shot by Magnus Paajarvi.
7:39 of 3rd period - Shot Misses the Net.
7:53 of 3rd period - Snap shot by Matt Duchene.
7:53 of 3rd period - Shot Blocked by Chris Mcallister.
7:55 of 3rd period - Wrist shot by Shayne Gostisbehere.
7:55 of 3rd period - Shot Misses the Net.
7:57 of 3rd period - Snap shot by Matt Duchene.
7:57 of 3rd period - Shot Blocked by Chris Mcallister.
8:11 of 3rd period - Jack Roslovic is hit by Ryan Strome and loses puck.
8:16 of 3rd period - Wrist shot by Ryan Strome.
8:16 of 3rd period - Goal by Ryan Strome - Lightning : 5 - Rangers : 4.
8:17 of 3rd period - Yanni Gourde wins face-off versus Sean Couturier in neutral zone.
8:20 of 3rd period - Slapshot by John Carlson.
8:20 of 3rd period - Stopped by Samuel Montembeault with a rebound.
8:44 of 3rd period - Jack Roslovic is hit by Dmitry Kulikov and loses puck.
8:51 of 3rd period - Shayne Gostisbehere is hit by Mikhail Sergachev and loses puck.
9:33 of 3rd period - Slapshot by Jimmy Vesey.
9:33 of 3rd period - Stopped by Samuel Montembeault with a rebound.
10:07 of 3rd period - Jakob Chychrun is hit by Tomas Hertl and loses puck.
10:28 of 3rd period - Richard Panik is hit by Alex Killorn and loses puck.
10:55 of 3rd period - Wrist shot by Brendan Lemieux.
10:55 of 3rd period - Stopped by Samuel Montembeault with a rebound.
10:57 of 3rd period - Snap shot by Matt Duchene.
10:57 of 3rd period - Shot Hit the Post.
10:59 of 3rd period - Slapshot by Michael Kostka.
10:59 of 3rd period - Stopped by Samuel Montembeault with a rebound.
11:01 of 3rd period - Wrist shot by Shayne Gostisbehere.
11:01 of 3rd period - Shot Misses the Net.
11:03 of 3rd period - Snap shot by Brendan Lemieux.
11:03 of 3rd period - Shot Misses the Net.
11:13 of 3rd period - Vince Dunn is hit by Victor Hedman.
11:28 of 3rd period - Brock Boeser is hit by Sean Couturier and loses puck.
11:51 of 3rd period - Wrist shot by Jack Roslovic.
11:51 of 3rd period - Stopped by Samuel Montembeault without a rebound.
11:52 of 3rd period - Tomas Hertl wins face-off versus Yanni Gourde in Rangers zone.
12:02 of 3rd period - Minor Penalty to Ondrej Palat for Tripping.
12:03 of 3rd period - Sean Couturier wins face-off versus Yanni Gourde in Rangers zone.
12:16 of 3rd period - Wrist shot by Matt Duchene.
12:16 of 3rd period - Stopped by Samuel Montembeault without a rebound.
12:17 of 3rd period - Sean Couturier wins face-off versus Yanni Gourde in Rangers zone.
12:17 of 3rd period - Sean Couturier is hit by John Carlson.
12:27 of 3rd period - Snap shot by Jakob Chychrun.
12:27 of 3rd period - Deflect By Yanni Gourde.
12:27 of 3rd period - Shot Misses the Net.
12:27 of 3rd period - Puck is out of play.
12:28 of 3rd period - Sean Couturier wins face-off versus Yanni Gourde in Rangers zone.
12:28 of 3rd period - Sean Couturier is hit by Matt Duchene.
12:44 of 3rd period - Wrist shot by Matt Duchene.
12:44 of 3rd period - Stopped by Samuel Montembeault without a rebound.
12:45 of 3rd period - Sean Couturier wins face-off versus Yanni Gourde in Rangers zone.
13:18 of 3rd period - Slapshot by Shayne Gostisbehere.
13:18 of 3rd period - Stopped by Samuel Montembeault without a rebound.
13:19 of 3rd period - Seth Griffith wins face-off versus Jack Roslovic in Rangers zone.
13:41 of 3rd period - Icing by Shayne Gostisbehere.
13:42 of 3rd period - Chris Mcallister wins face-off versus Jack Roslovic in Lightning zone.
13:45 of 3rd period - Snap shot by Chris Mcallister.
13:45 of 3rd period - Shot Misses the Net.
14:01 of 3rd period - Sean Couturier is hit by Brendan Lemieux and loses puck.
14:02 of 3rd period - Penalty to Ondrej Palat is over, Ondrej Palat is back on ice.
14:43 of 3rd period - Icing by Patrik Nemeth.
14:44 of 3rd period - Henrik Samuelsson wins face-off versus Patrice Bergeron in Rangers zone.
14:46 of 3rd period - Icing by Dmitry Kulikov.
14:47 of 3rd period - Patrice Bergeron wins face-off versus Tomas Hertl in Rangers zone.
14:48 of 3rd period - Snap shot by Alex Killorn.
14:48 of 3rd period - Shot Misses the Net.
15:04 of 3rd period - Wrist shot by Shayne Gostisbehere.
15:04 of 3rd period - Shot Misses the Net.
15:06 of 3rd period - Slapshot by Michael Kostka.
15:06 of 3rd period - Shot Misses the Net.
15:08 of 3rd period - Wrist shot by Alex Killorn.
15:08 of 3rd period - Goal by Alex Killorn - Lightning : 6 - Rangers : 4.
15:09 of 3rd period - Henrik Samuelsson wins face-off versus Sam Bennett in neutral zone.
15:38 of 3rd period - Icing by Sam Bennett.
15:39 of 3rd period - Sean Couturier wins face-off versus Sam Bennett in Lightning zone.
15:42 of 3rd period - Snap shot by Milan Lucic.
15:42 of 3rd period - Stopped by Alex Nedeljkovic without a rebound.
15:43 of 3rd period - Sean Couturier wins face-off versus Yanni Gourde in Lightning zone.
15:44 of 3rd period - Snap shot by Milan Lucic.
15:44 of 3rd period - Shot Blocked by Yanni Gourde.
15:53 of 3rd period - Minor Penalty to John Carlson for Elbowing.
15:54 of 3rd period - Yanni Gourde wins face-off versus Sean Couturier in Lightning zone.
16:01 of 3rd period - Icing by Milan Lucic.
16:02 of 3rd period - Yanni Gourde wins face-off versus Sean Couturier in Rangers zone.
16:09 of 3rd period - Snap shot by Yanni Gourde.
16:09 of 3rd period - Stopped by Samuel Montembeault with a rebound.
16:19 of 3rd period - Snap shot by Ryan Strome.
16:19 of 3rd period - Stopped by Alex Nedeljkovic with a rebound.
16:21 of 3rd period - Snap shot by Milan Lucic.
16:21 of 3rd period - Goal by Milan Lucic - Lightning : 6 - Rangers : 5.
16:22 of 3rd period - Henrik Samuelsson wins face-off versus Sam Bennett in neutral zone.
16:25 of 3rd period - Wrist shot by Richard Panik.
16:25 of 3rd period - Shot Blocked by Jimmy Vesey.
16:27 of 3rd period - Slapshot by Mikhail Sergachev.
16:27 of 3rd period - Shot Misses the Net.
16:29 of 3rd period - Snap shot by Magnus Paajarvi.
16:29 of 3rd period - Deflect By Sam Bennett.
16:29 of 3rd period - Stopped by Alex Nedeljkovic with a rebound.
16:31 of 3rd period - Snap shot by Henrik Samuelsson.
16:31 of 3rd period - Shot Blocked by John Carlson.
16:33 of 3rd period - Wrist shot by Magnus Paajarvi.
16:33 of 3rd period - Goal by Magnus Paajarvi - Lightning : 6 - Rangers : 6.
16:34 of 3rd period - Henrik Samuelsson wins face-off versus Sam Bennett in neutral zone.
16:48 of 3rd period - Off-side.
16:49 of 3rd period - Chris Mcallister wins face-off versus Matt Duchene in neutral zone.
16:54 of 3rd period - Slapshot by Stefan Noesen.
16:54 of 3rd period - Shot Misses the Net.
17:14 of 3rd period - Mikhail Sergachev is hit by Jakob Chychrun and loses puck.
17:24 of 3rd period - Wrist shot by Magnus Paajarvi.
17:24 of 3rd period - Shot Blocked by Tyler Kennedy.
18:34 of 3rd period - Wrist shot by Milan Lucic.
18:34 of 3rd period - Shot Misses the Net.
18:42 of 3rd period - Derrick Pouliot is hit by Brock Boeser and loses puck.
19:17 of 3rd period - Wrist shot by Michael Kostka.
19:17 of 3rd period - Shot Misses the Net.
19:19 of 3rd period - Slapshot by Michael Kostka.
19:19 of 3rd period - Shot Blocked by Patrik Nemeth.
Goals for this period are 5 for Lightning vs 4 for Rangers.
Shots for this period are 18 for Lightning vs 10 for Rangers.

Overtime #1


0:01 of 1st overtime period - Matt Duchene wins face-off versus Sean Couturier in neutral zone.
0:12 of 1st overtime period - Wrist shot by Yanni Gourde.
0:12 of 1st overtime period - Shot Hit the Post.
0:14 of 1st overtime period - Wrist shot by Matt Duchene.
0:14 of 1st overtime period - Stopped by Samuel Montembeault with a rebound.
0:16 of 1st overtime period - Slapshot by John Carlson.
0:16 of 1st overtime period - Stopped by Samuel Montembeault without a rebound.
0:17 of 1st overtime period - Matt Duchene wins face-off versus Sean Couturier in Rangers zone.
0:26 of 1st overtime period - Slapshot by Yanni Gourde.
0:26 of 1st overtime period - Goal by Yanni Gourde - Lightning : 7 - Rangers : 6.
Goals for this period are 1 for Lightning vs 0 for Rangers.
Shots for this period are 3 for Lightning vs 0 for Rangers.